 Dungeon Crawl Stone Soup version 0.21.1-1-g345015f (webtiles) character file.

27 Larett the Sneak (level 3, -1/24 HPs)
             Began as an Octopode Assassin on Mar 2, 2018.
             Slain by a jackal (2 damage)
             ... on level 1 of the Dungeon.
             The game lasted 00:00:58 (332 turns).

Larett the Sneak (Octopode Assassin)                 Turns: 332, Time: 00:00:59

Health: -1/24      AC:  1    Str: 10    XL:     3   Next: 10%
Magic:  3/3        EV: 13    Int: 13    God:
Gold:   17         SH:  0    Dex: 14    Spells: 2/2 levels left

rFire    . . .     SeeInvis .   a - +2 dagger
rCold    . . .     Gourm    .   (no shield)
rNeg     . . .     Faith    .   (helmet restricted)
rPois    .         Spirit   .   (no amulet)
rElec    .         Reflect  .   (no ring)
rCorr    .         Harm     .   (no ring)
MR       .....                  (no ring)
Stlth    ++++......             (no ring)
HPRegen  0.08/turn              (no ring)
MPRegen  0.08/turn              (no ring)
                                (no ring)
                                (no ring)

@: no status effects
A: almost no armour, stealthy swim, amphibious, 8 rings, constrict 8, camouflage
1, gelatinous body 1
a: no special abilities


You were on level 1 of the Dungeon.
You were not hungry.

You visited 1 branch of the dungeon, and saw 1 of its levels.

You collected 17 gold pieces.

Inventory:

Hand Weapons
 a - a +2 dagger (weapon)
 q - a +0 blowgun
 z - a cursed -2 dagger
Missiles
 c - 8 poisoned needles
 d - 2 curare-tipped needles
 y - 3 stones (quivered)
Scrolls
 r - 2 scrolls of blinking {unknown}
 w - a scroll of amnesia {unknown}
 x - a scroll of teleportation {unknown}
Potions
 t - a potion of resistance {unknown}
 u - a potion of degeneration {unknown}
 v - a potion of brilliance {unknown}
Comestibles
 f - a ration
 s - 3 chunks of flesh


   Skills:
 - Level 2.0 Fighting
 - Level 2.0 Short Blades
 - Level 2.0 Throwing
 - Level 1.0 Dodging
 + Level 6.8 Stealth


You had 2 spell levels left.
You didn't know any spells.

Dungeon Overview and Level Annotations

Branches:
Dungeon (1/15)

Altars:


Innate Abilities, Weirdness & Mutations

You cannot wear most types of armour.
You are very stealthy in the water. (Stealth+)
You are amphibious.
You can wear up to eight rings at the same time.
You can use your tentacles to constrict eight enemies at once.
Your skin changes colour to match your surroundings (Stealth+).
Your rubbery body absorbs attacks. (AC +1, EV +1)


Message History

You constrict the kobold.
You kill the kobold!
The frilled lizard misses you.
Things that are here:
a kobold corpse; a hobgoblin corpse You hit the frilled lizard.
You kill the frilled lizard!
The jackal bites you.
* * * LOW HITPOINT WARNING * * *
You hit the jackal but do no damage. Your grab misses the jackal.
The jackal bites you.
* * * LOW HITPOINT WARNING * * *
You hit the jackal but do no damage. Your grab misses the jackal.
Your squeeze misses the jackal. The jackal bites you.
* * * LOW HITPOINT WARNING * * *
You hit the jackal. You grab the jackal.
The jackal is moderately wounded.
You constrict the jackal, but do no damage.
The jackal bites you.
You die...

............#..........#####.#...
..)............###.#.#...........
............†..# #.#.#.# ###.#...
...............###.....### #.##..
......†r....lg......#)...# # ##.
.......†...h.K##r#.....#.###.# ##
.............###l#........>..#
.............# #h##....#.##### ##
............## #@###.#.#.# #.
..........(.# #.# #.#.#.# ####.
)...........# #.# #.#.#.####....
.!..........# #.# #..........###
#†# #####.####.# #.# #.# #.#
#.#######.# #.# #.........# #.###
########### #....


You could see a jackal, a frilled lizard and a rat.

Vanquished Creatures
  A dart slug (D:1)
  3 goblins (D:1)
  A hobgoblin (D:1)
  2 jackals (D:1)
  2 kobolds (D:1)
  2 ball pythons (D:1)
  6 bats (D:1)
  4 frilled lizards (D:1)
  2 rats (D:1)
23 creatures vanquished.

Notes
Turn   | Place    | Note
-------+----------+-------------------------------------------
     0 | D:1      | Larett the Octopode Assassin began the quest for the Orb.
     0 | D:1      | Reached XP level 1. HP: 14/14 MP: 1/1
   176 | D:1      | Reached XP level 2. HP: 19/19 MP: 2/2
   228 | D:1      | Reached skill level 6 in Stealth
   320 | D:1      | Reached XP level 3. HP: 9/24 MP: 3/3
   330 | D:1      | HP: 3/24 [jackal (2)]
   331 | D:1      | HP: 1/24 [jackal (2)]
   332 | D:1      | Slain by a jackal

Skill      XL: |  1  2 |
---------------+-------+-----
Stealth        | 6 |  6.8
Fighting       | |  2.0
Short Blades   | |  2.0
Throwing       | |  2.0
Dodging        | |  1.0

Action                   || total
-------------------------++-------
Melee: Dagger            ||    38
       Constrict         ||     7
       Tentacles         ||     3
 Stab: Sleeping          ||     9
Armor: Skin              ||     3
Dodge: Dodged            ||    27
